 Dungeon Crawl Stone Soup version 0.17-a0-1446-gc28613e (webtiles) character file.

14309 Moneymaker the Cleaver (level 11, -3/135 HPs)
             Began as a Demonspawn Berserker on June 28, 2015.
             Was an Elder of Trog.
             Slain by a hill giant
             ... wielding a +0 giant spiked club
              (11 damage)
             ... on level 11 of the Dungeon.
             The game lasted 00:37:09 (12119 turns).

Moneymaker the Cleaver (Demonspawn Berserker)      Turns: 12119, Time: 00:37:09

Health: -3/135     AC: 21    Str: 23    XL:     11   Next: 87%
Magic:  11/11      EV:  7    Int: 11    God:    Trog [****..]
Gold:   641        SH:  0    Dex: 13    Spells: 0 memorised, 10 levels left

rFire  . . .     SeeInvis .     N - +5 battleaxe (freeze)
rCold  + . .     Clarity  .     P - +0 plate armour
rNeg   . . .     SustAt   .     (no shield)
rPois  .         Gourm    .     (helmet restricted)
rElec  .         Spirit   .     A - +1 cloak
rCorr  +         Warding  .     (no gloves)
rMut   .         Stasis   .     (no boots)
MR     ++...                    D - amulet of resist corrosion
Stlth  ..........               M - ring of protection from cold
                                G - +3 ring of protection

@: berserking (expiring), regenerating, very quick, very resistant to hostile
enchantments, extremely unstealthy
A: claws 1, horns 1, rugged brown scales 2, sense surroundings 1, powered by
pain 1, MP-powered wands
a: Burn Spellbooks, Berserk, Trog's Hand, Brothers in Arms, Renounce Religion


You were on level 11 of the Dungeon.
You worshipped Trog.
Trog was greatly pleased with you.
You were not hungry.

You visited 1 branch of the dungeon, and saw 13 of its levels.
You also visited: Sewer.

You collected 641 gold pieces.

Inventory:

Hand weapons
 a - a +1 hand axe
 K - a +2 hand axe of chopping
 N - a +5 battleaxe of freezing (weapon)
Armour
 b - a +0 animal skin
 g - a +0 ring mail
 u - a +0 chain mail
 A - a +1 cloak (worn)
 B - a +0 scale mail
 P - a +0 plate armour (worn)
Jewellery
 q - an uncursed ring of teleportation
 z - an uncursed ring of see invisible
 D - an amulet of resist corrosion (around neck)
 F - an uncursed ring of protection from magic
 G - a +3 ring of protection (left claw)
 H - a +4 ring of intelligence
 M - a ring of protection from cold (right claw)
Magical devices
 j - a wand of magic darts (23)
 s - a wand of frost (31)
 E - a wand of frost (48)
 I - a wand of digging (8)
 L - a wand of enslavement (7)
Scrolls
 d - 16 scrolls of identify
 p - 8 scrolls of teleportation
 v - 2 scrolls of recharging
 w - a scroll of noise
 y - 4 scrolls of fog
 C - 7 scrolls of remove curse
 J - a scroll of enchant armour
Potions
 c - 4 potions of magic
 e - a potion of haste
 h - a potion of flight
 m - a potion of might
 t - 2 potions of ambrosia
Books
 n - a book of Flames

   Spells                             Type                      Level
   a - Flame Tongue                   Conjuration/Fire             1
   b - Throw Flame                    Conjuration/Fire             2
   c - Conjure Flame                  Conjuration/Fire             3
   d - Inner Flame                    Hexes/Fire                   3
   e - Sticky Flame                   Conjuration/Fire             4
   f - Fireball                       Conjuration/Fire             5
   Trog disapproves of the use of such an item.
Miscellaneous
 o - a lantern of shadows
Comestibles
 f - 3 beef jerkies
 i - 2 meat rations
 k - 8 slices of pizza
 l - 3 chunks of flesh
 x - 4 bread rations


   Skills:
 - Level 8.1 Fighting
 * Level 13.8 Axes
 + Level 8.7 Armour
 - Level 1.7 Dodging


You had 10 spell levels left.
You didn't know any spells.

Dungeon Overview and Level Annotations

Branches:
Dungeon (13/15)            Temple (0/1) D:5            Lair (0/8) D:9
    Orc (0/4) D:9          Vaults (0/5) D:13

Altars:
Cheibriados
Qazlal
Ru
Yredelemnul
Beogh

Shops:
D:8 ?   D:10 }


Innate Abilities, Weirdness & Mutations

You have sharp fingernails.
You are mostly covered in rugged brown scales (AC +2, +5% HP).
You sometimes gain a little power by taking damage.
You have a pair of small horns on your head.
You passively map a small area around you.
You expend magic power (3 MP) to strengthen your wands.


Message History

Trog accepts your kill.
The worker ant bites you but does no damage.
A hill giant comes into view. It is wielding a giant spiked club.
There is a stone staircase leading down, spattered with blood here.
You see here an ugly thing corpse.
Your plate armour prevents you from hitting the worker ant.
The worker ant bites you but does no damage.
You slice the worker ant!! You freeze the worker ant.
You kill the worker ant!
Trog accepts your kill.
The hill giant hits you with a giant spiked club!!
* * * LOW HITPOINT WARNING * * *
You see here a worker ant corpse.
Your plate armour prevents you from hitting the hill giant.
You headbutt the hill giant.
The hill giant is lightly wounded.
You slice the hill giant!! You freeze the hill giant!
The hill giant is severely wounded.
The hill giant hits you with a giant spiked club!
You die...

* * * ,
, , * *
* , , ,,
### * ,
* #.##
,* ,,*
#.#>##,
,
#.###@#,
, *#)#
##C.# *
, ##, *
,?...# ,
, ,
.......
> *
###.###
* , , ,
.# , * *
# , * ,*
* * *


You could see a hill giant.

Vanquished Creatures
  3 vault guards (D:13)
  Erica (D:10)
  2 hill giants
  An ugly thing (D:11)
  The ghost of lennard the Skirmisher, an experienced DrWn (D:7)
  A troll (D:10)
  A two-headed ogre (D:10)
  A slime creature (shapeshifter) (D:13)
  The ghost of elenap21 the Ruffian, an average GrMo of Ru (D:5)
  12 yaks
  A human (D:8)
  Edmund (D:6)
  7 sky beasts
  4 orc warriors
  7 ogres
  2 black bears
  2 ice beasts (D:10)
  A phantom (D:4)
  10 centaurs
  3 big kobolds
  4 giant frogs
  6 killer bees (D:10)
  6 wights
  3 crimson imps
  A jelly (D:8)
  8 orc priests
  3 gnoll shamans (D:10)
  2 hounds
  A quasit (D:10)
  Crazy Yiuf (D:7)
  A giant frog skeleton (D:8)
  2 centaur skeletons
  9 orc wizards
  5 iguanas
  A killer bee zombie (D:6)
  8 worker ants
  2 hound skeletons (D:7)
  A worker ant zombie (D:7)
  18 adders
  12 gnolls (D:10)
  2 shadow imps
  7 oozes
  6 worms
  3 giant geckos
  30 orcs
  4 ball pythons
  17 bats
  2 bat skeletons
  9 hobgoblins
  8 quokkas
  4 giant cockroaches
  8 giant newts
  17 goblins
  11 jackals
  25 kobolds
  A quokka zombie (D:8)
  24 rats
  A plant (D:10)
335 creatures vanquished.

Vanquished Creatures (collateral kills)
  The ghost of pzskc383 the Geomancer, an experienced GrEE of Vehumet (D:8)
  An unseen horror (D:13)
  A deep elf conjurer (D:13)
  A centaur zombie (D:13)
  A centaur skeleton (D:13)
  A troll (D:13)
  2 yaks (D:13)
  A mottled dragon (D:13)
  A centaur (D:13)
  A giant frog (D:13)
  A killer bee (D:13)
  A hound (D:5)
  3 orcs (D:13)
  A bat zombie (D:5)
  A kobold (D:8)
18 creatures vanquished.

Vanquished Creatures (others)
  3 fungi (D:10)
3 creatures vanquished.

Grand Total: 356 creatures vanquished

Notes
Turn   | Place    | Note
--------------------------------------------------------------
     0 | D:1      | Moneymaker the Demonspawn Berserker began the quest for the Orb.
     0 | D:1      | Reached XP level 1. HP: 18/18 MP: 1/1
   302 | D:1      | Gained mutation: You have sharp fingernails. [demonic ancestry]
   302 | D:1      | Reached XP level 2. HP: 14/24 MP: 2/2
   870 | D:2      | Acquired Trog's second power
   870 | D:2      | Reached XP level 3. HP: 29/29 MP: 3/3
  1002 | D:2      | Reached skill level 4 in Axes
  1185 | D:2      | You fall through a shaft for 2 floors!
  1333 | D:4      | Reached XP level 4. HP: 14/35 MP: 4/4
  1467 | D:4      | Noticed a phantom
  1555 | D:4      | Killed a phantom
  1555 | D:4      | Reached skill level 5 in Axes
  1555 | D:4      | Gained mutation: You are partially covered in rugged brown scales (AC +1, +3% HP). [demonic ancestry]
  1555 | D:4      | Reached XP level 5. HP: 13/42 MP: 5/5
  1857 | D:4      | Noticed an ogre
  1865 | D:4      | Killed an ogre
  1865 | D:4      | Reached skill level 6 in Axes
  1929 | D:4      | Gained mutation: You are mostly covered in rugged brown scales (AC +2, +5% HP). [demonic ancestry]
  1929 | D:4      | Reached XP level 6. HP: 39/49 MP: 6/6
  2315 | D:4      | Found a sacrificial altar of Ru.
  2714 | D:4      | Reached skill level 7 in Axes
  2818 | D:4      | Reached XP level 7. HP: 41/54 MP: 7/7
  3148 | D:3      | Found a glowing drain.
  3157 | Sewer    | Entered a sewer
  3357 | Sewer    | Acquired Trog's third power
  3571 | D:3      | Received a gift from Trog
  4287 | D:2      | Found a snail-covered altar of Cheibriados.
  4289 | D:2      | Found a basalt altar of Yredelemnul.
  4811 | D:5      | Entered Level 5 of the Dungeon
  4984 | D:5      | Reached skill level 8 in Axes
  5079 | D:5      | Noticed elenap21's ghost (average GrMo)
  5097 | D:5      | Killed elenap21's ghost
  5771 | D:5      | Found a staircase to the Ecumenical Temple.
  5831 | D:6      | Reached skill level 9 in Axes
  5831 | D:6      | Reached XP level 8. HP: 43/60 MP: 8/8
  7049 | D:6      | Noticed Edmund
  7072 | D:6      | Killed Edmund
  7359 | D:6      | Reached skill level 10 in Axes
  7488 | D:6      | Reached skill level 11 in Axes
  7490 | D:6      | Gained mutation: You sometimes gain a little power by taking damage. [demonic ancestry]
  7490 | D:6      | Reached XP level 9. HP: 66/66 MP: 9/9
  8231 | D:7      | Noticed lennard's ghost (experienced DrWn)
  8254 | D:7      | Killed lennard's ghost
  8631 | D:7      | Noticed Crazy Yiuf
  8639 | D:7      | Killed Crazy Yiuf
  8639 | D:7      | Reached skill level 12 in Axes
  8878 | D:8      | Noticed pzskc383's ghost (experienced GrEE)
  8953 | D:8      | Gained mutation: You have a pair of small horns on your head. [potion of mutation]
  8953 | D:8      | Gained mutation: You expend magic power (3 MP) to strengthen your wands. [potion of mutation]
  8953 | D:8      | Gained mutation: You passively map a small area around you. [potion of mutation]
  8959 | D:8      | Killed pzskc383's ghost
  8961 | D:8      | Received a gift from Trog
  9608 | D:8      | Reached XP level 10. HP: 45/76 MP: 10/10
  9854 | D:8      | Found Wineig's Magic Scroll Shoppe.
  9881 | D:8      | Received a gift from Trog
  9881 | D:8      | Reached skill level 5 in Fighting
 10010 | D:9      | Found a staircase to the Orcish Mines.
 10084 | D:9      | Reached skill level 5 in Armour
 10357 | D:9      | Found a staircase to the Lair.
 10452 | D:9      | Noticed a hill giant
 10460 | D:9      | Killed a hill giant
 10556 | D:9      | Found a roughly hewn altar of Beogh.
 10704 | D:10     | Entered Level 10 of the Dungeon
 10743 | D:10     | Found a stormy altar of Qazlal.
 10863 | D:10     | Noticed Erica
 10874 | D:10     | Killed Erica
 10994 | D:10     | Found Jiub's Gadget Boutique.
 11162 | D:10     | Noticed a hill giant
 11170 | D:10     | Killed a hill giant
 11170 | D:10     | Reached XP level 11. HP: 90/90 MP: 11/11
 11267 | D:10     | Received a gift from Trog
 11793 | D:10     | You fall through a shaft for 3 floors!
 11834 | D:13     | Found a gate to the Vaults.
 11834 | D:13     | Noticed a vault guard
 11834 | D:13     | Noticed a vault guard
 11834 | D:13     | Noticed a vault guard
 11834 | D:13     | Noticed a vault guard
 11852 | D:13     | Killed a vault guard
 11852 | D:13     | Reached skill level 13 in Axes
 11852 | D:13     | Killed a vault guard
 11853 | D:13     | Killed a vault guard
 11861 | D:13     | HP: 4/90 [deep elf conjurer/long sword of protection (3)]
 11875 | D:13     | Killed an unseen horror
 12115 | D:11     | Noticed a hill giant
 12117 | D:11     | HP: 6/135 [hill giant/giant spiked club (24)]
 12119 | D:11     | Slain by a hill giant

Vault maps used:
D:1:      lightli_arrival_chessboard
D:2:      gammafunk_temple_overflow_statue, first_bread
D:3:      portal_sewer_entry_d
D:4:      nicolae_ru_great_annihilating_truth
D:5:      temple_fountains, fountainhead
D:6:      centaur_isle, uniq_edmund
D:7:      lemuel_upstairs_altar, minivault_1, uniq_crazy_yiuf_cottage
D:8:      serial_shops, shop, grunt_pizzeria
D:9:      lair_0_dummy, minmay_orc_entry_temple_small
D:10:     kennysheep_seaside_town, serial_shops, shop,
          nicolae_qazlal_general_emergency, uniq_erica
D:11:     lab_entry_generic
D:12:     lemuel_flame_loot_2
D:13:     lightli_vaults_fourway_checkpoint
Sewer:    sewer_co_cracked_pipes

Action                   |  1- 3 |  4- 6 |  7- 9 | 10-12 || total
-------------------------+-------+-------+-------+-------++-------
Melee: Hand axe          |   138 |   209 |   668 |   319 ||  1334
       Battleaxe         |       |       |       |   116 ||   116
Invok: Berserk           |     2 |     5 |    11 |    11 ||    29
       Trog's Hand       |       |     1 |     1 |     6 ||     8
       Brothers in Arms  |       |       |     2 |     3 ||     5
Evoke: Wand              |       |       |     4 |     1 ||     5
  Use: Scroll            |     3 |     2 |    10 |     3 ||    18
       Potion            |       |     3 |     4 |     8 ||    15
 Stab: Invisible         |       |     1 |       |       ||     1
       Paralysed         |       |     1 |       |       ||     1
       Distracted        |       |       |     1 |       ||     1
  Eat: Chunk             |     2 |     7 |    21 |    20 ||    50
       Bread ration      |       |     1 |     1 |       ||     2
       Pizza             |       |       |     2 |       ||     2
       Meat ration       |       |       |     1 |       ||     1
       Beef jerky        |       |       |     1 |       ||     1
